 Dungeon Crawl Stone Soup version 0.24.0-37-gcf1ca852f1 (webtiles) character file.

Game seed: 15881184993378367980, levelgen mode: deterministic

17 DildoBatman the Magician (level 2, 0/19 HPs)
             Began as a Formicid Wizard on Nov 26, 2019.
             Slain by a jackal (1 damage)
             ... on level 1 of the Dungeon.
             The game lasted 00:01:23 (765 turns).

DildoBatman the Magician (Formicid Wizard)           Turns: 765, Time: 00:01:24

Health: 0/19       AC:  2    Str: 11    XL:     2   Next: 80%
Magic:  0/6        EV: 12    Int: 17    God:
Gold:   76         SH:  0    Dex:  9    Spells: 6/7 levels left

rFire    . . .     SeeInvis +   b - +0 club
rCold    . . .     Gourm    .   (no shield)
rNeg     . . .     Faith    .   a - +0 robe
rPois    .         Spirit   .   (helmet unavailable)
rElec    .         Reflect  .   (no cloak)
rCorr    .         Harm     .   (no gloves)
MR       .....                  (no boots)
Stlth    ++........             (no amulet)
HPRegen  0.06/turn              (no ring)
MPRegen  0.10/turn              (no ring)

@: very slightly contaminated
A: permanent stasis, dig shafts and tunnels, four strong arms, antennae 3
a: Dig, Shaft Self


You were on level 1 of the Dungeon.
You were not hungry.

You visited 1 branch of the dungeon, and saw 1 of its levels.

You collected 76 gold pieces.

Inventory:

Hand Weapons
 b - a +0 club (weapon)
Missiles
 g - 24 arrows
 h - 25 stones (quivered)
 l - 6 poisoned darts
Armour
 a - a +0 robe (worn)
Scrolls
 d - a scroll of remove curse {unknown}
 i - a scroll of teleportation {unknown}
 k - a scroll of identify {unknown}
 m - a scroll of noise {unknown}
Potions
 e - 3 potions of curing {unknown}
 f - a potion of might {unknown}
 j - a potion of brilliance {unknown}
Comestibles
 c - 4 chunks of flesh
 v - 5 rations


   Skills:
 - Level 1.7 Dodging
 - Level 2.4 Stealth
 - Level 3.2 Spellcasting
 * Level 2.3 Conjurations
   Level 1.0 Summonings
   Level 0.8 Translocations


You had 6 spell levels left.
You knew the following spells:

 Your Spells              Type           Power        Failure   Level  Hunger
c - Magic Dart            Conj           ##..         7%          1    None

Your spell library contained the following spells:

 Spells                   Type           Power        Failure   Level  Hunger
 Call Imp                 Summ           #.......     17%         2    ##.....
 Slow                     Hex            #.......     26%         2    ##.....
 Conjure Flame            Conj/Fire      #.......     32%         3    ###....
 Mephitic Cloud           Conj/Pois/Air  #.......     36%         3    ###....
 Blink                    Tloc           Unusable     N/A         2    N/A

Dungeon Overview and Level Annotations

Branches:
Dungeon (1/15)

Altars:


Innate Abilities, Weirdness & Mutations

You cannot be hasted, slowed, berserked, paralysed or teleported.
You can dig through walls and to a lower floor.
Your four strong arms can wield two-handed weapons with a shield.
You have a pair of large antennae on your head. (SInv)


Message History

The jackal barely misses you.
Casting: Magic Dart (safe; 7% risk of failure)
Confirm with . or Enter, or press ? or * to list all spells.
Aiming: Magic Dart (safe; 7% risk of failure)
Press: ? - help, Shift-Dir - straight line, f/p - jackal
Aim: a jackal (severely wounded)
The magic dart hits the jackal but does no damage.
The jackal is severely wounded.
The jackal bites you.
You closely miss the jackal.
The jackal is heavily wounded.
The jackal pauses to sniff the ground.
The jackal bites you but does no damage. x2
You hit the jackal.
The jackal is severely wounded.
The jackal closely misses you. x2
You closely miss the jackal.
The jackal is severely wounded.
The jackal bites you.
You die...

#.# #.# ##†## #.#
... #.##.# #.#
#.##.# #.# #.##.#
#.# #.##.# #.#
#.##.# #h# #.##>#
#@# #.##.#
#.########.##.####
#...............).
######............
#.#####..#### #.#
#..# # #.# #..# #
#.# #..#### #.#
#......


You could see a jackal.

Vanquished Creatures
  2 dart slugs (D:1)
  3 giant cockroaches (D:1)
  A goblin (D:1)
  A hobgoblin (D:1)
  2 jackals (D:1)
  3 rats (D:1)
12 creatures vanquished.

Notes
Turn   | Place    | Note
-------+----------+-------------------------------------------
     0 | D:1      | DildoBatman the Formicid Wizard began the quest for the
                  | Orb.
     0 | D:1      | Reached XP level 1. HP: 13/13 MP: 4/4
    21 | D:1      | Reached skill level 1 in Conjurations
   435 | D:1      | Reached XP level 2. HP: 3/19 MP: 0/6
   765 | D:1      | Slain by a jackal

Levels and vault maps discovered:
D:1:      sevenhm_arrival_forest_fort_large_4, layout_loops_ring

Skill      XL: |  1  2 |
---------------+-------+-----
Conjurations   | 1 2 |  2.3
Dodging        | |  1.7
Stealth        | |  2.4
Spellcasting   | |  3.2
Summonings     | |  1.0
Translocations | |  0.8

Action                   || total
-------------------------++-------
Melee: Club              ||    20
 Cast: Magic Dart        ||    36
Armor: Robe              ||     7
Dodge: Dodged            ||    20
